 Dungeon Crawl Stone Soup version 0.30.0-29-ga12c61a403 (webtiles) character file.

Game seed: 11023602875610044289

1009 Graphine the Ducker (level 8, -1/63 HPs)
             Began as a Merfolk Monk on June 13, 2023.
             Slain by a gnoll
             ... wielding a +0 halberd of electrocution
              (18 damage)
             ... on level 4 of the Dungeon.
             The game lasted 00:09:56 (3103 turns).

Graphine the Ducker (Merfolk Monk)                  Turns: 3103, Time: 00:09:56

Health: -1/63      AC: 17    Str: 18    XL:     8   Next: 21%
Magic:  12/12      EV: 11    Int: 16    God:
Gold:   143        SH:  4    Dex: 22    Spells: 9/12 levels left

rFire   . . .        a - +0 falchion
rCold   . . .        m - +0 buckler
rNeg    . . .        n - +4 chain mail "Weumidgh" {Contam rPois Int+7 Dex+4}
rPois   +            k - +0 helmet
rElec   .            (no cloak)
rCorr   .            x - +1 pair of gloves
SInv    .            c - +0 pair of boots
Will    .....        (no amulet) Stlth
                     g - +6 ring of strength
HPRegen 0.30/turn    (no ring)
MPRegen 0.13/turn

%: no passive effects
@: no status effects
A: (nimble swimmer 2), mertail
a: no special abilities


You were on level 4 of the Dungeon.
You visited 1 branch of the dungeon, and saw 5 of its levels.

You collected 143 gold pieces.

Inventory:

Hand Weapons
 a - a +0 falchion (weapon)
Missiles
 f - 2 poisoned darts (quivered)
Armour
 c - a +0 pair of boots (worn)
 d - an orb of light
 e - a +0 leather armour
 k - a +0 helmet (worn)
 m - a +0 buckler (worn)
 n - the +4 chain mail "Weumidgh" (worn) {Contam rPois Int+7 Dex+4}
   (You found it on level 2 of the Dungeon)

   Int:       It affects your intelligence (+7).
   Dex:       It affects your dexterity (+4).
   rPois:     It protects you from poison.
   Contam:    It causes magical contamination when unequipped.
 x - a +1 pair of gloves (worn)
Jewellery
 g - a +6 ring of strength (left hand)
Wands
 u - a wand of flame (6)
Scrolls
 b - a scroll of magic mapping
Potions
 j - 2 potions of flight {unknown}
 l - 2 potions of lignification {unknown}
 s - a potion of invisibility {unknown}
 t - 3 potions of heal wounds {unknown}
 v - a potion of degeneration {unknown}
 w - a potion of mutation {unknown}


   Skills:
 * Level 5.4 Fighting
 * Level 6.0 Long Blades
 * Level 2.5 Armour
 * Level 6.6 Dodging
 * Level 2.8 Spellcasting
 * Level 3.4 Ice Magic


You had 9 spell levels left.
You knew the following spells:

 Your Spells              Type           Power      Damage    Failure   Level
a - Frozen Ramparts       Ice            26%        1d4       88%         3

Your spell library contained the following spells:

 Spells                   Type           Power      Damage    Failure   Level
 Ice Form                 Ice/Tmut       7%         N/A       100%        4
 Summon Ice Beast         Ice/Summ       7%         N/A       100%        4


Dungeon Overview and Level Annotations

Branches:
Dungeon (5/15)
 Temple: D:4-7

Altars:
Elyvilon

Annotations:
D:4 1 transporter, klichko's ghost, amateur TeCj


Innate Abilities, Weirdness & Mutations

((You are very nimble when in or above water. (Stealth+, EV+, Speed+++)))
Your lower body shifts to a powerful aquatic tail in water.


Message History

You block the gnoll's attack. The gnoll closely misses you.
The gnoll hits you but does no damage.
You are electrocuted!
You barely miss the gnoll. The gnoll hits you but does no damage.
You writhe in agony.
The gnoll closely misses you.
The gnoll hits you with a +0 halberd of electrocution.
You barely miss the gnoll.
The gnoll hits you from afar with a +0 spear of pain.
The gnoll barely misses you. The gnoll closely misses you.
You hit the gnoll.
The gnoll is lightly wounded.
The gnoll barely misses you. The gnoll hits you but does no damage.
You are electrocuted!!
You are too injured to fight recklessly!
Okay, then.
Okay, then.
Okay, then.
You are too injured to fight recklessly!
You hit the gnoll.
The gnoll is lightly wounded.
The gnoll hits you but does no damage. You block the gnoll's attack.
The gnoll closely misses you.
You slash the gnoll!
The gnoll is severely wounded.
You block the gnoll's attack. The gnoll hits you but does no damage.
The gnoll hits you with a +0 halberd of electrocution.
* * * LOW HITPOINT WARNING * * *
You barely miss the gnoll.
The gnoll is severely wounded.
The gnoll hits you but does no damage.
You writhe in agony.
* * * LOW HITPOINT WARNING * * *
The gnoll hits you but does no damage. The gnoll closely misses you.
You hit the gnoll but do no damage.
The gnoll is severely wounded.
You block the gnoll's attack. The gnoll barely misses you.
The gnoll hits you but does no damage.
You slash the gnoll!
You kill the gnoll!
The gnoll hits you but does no damage.
You are electrocuted!!
You die...

≈≈≈≈≈≈≈≈≈≈≈≈~≈≈≈≈≈≈≈≈≈≈≈≈.#.#
≈≈≈≈≈≈≈≈≈≈≈≈~≈≈≈≈≈≈≈≈≈≈≈≈.#.#
≈≈#####........)..#####≈≈.#.#
≈≈#.# #.###.©.###.#.#.#≈≈.#.#
≈≈#...###.#####.###.:.#≈≈.#.#
≈≈###.. . ..........###≈≈.#.#
≈≈.8 .## ###+######.#8.≈≈.#.#
≈≈.##.# .=#8.P#)⌠g#.##.≈≈.#.#
~~.# +$.:#⌠©..)@.g..#.~~...#
#$.W#8.P#P)P#.##.≈≈..##
#####+######.#8.≈≈.##
............###≈≈.#
#.#####©###...#≈≈.#
#.#.###.©.###.#.#.#≈≈.#
##...........#####≈≈.#
≈≈≈≈≈≈≈≈...≈≈≈≈≈≈≈≈≈≈≈.#
≈≈≈≈≈≈≈≈...≈≈≈≈≈≈≈≈≈≈≈.#


You could see 2 gnolls.

Vanquished Creatures
  Grinder (D:4)
  Eustachio (D:4)
  2 ogres (D:4)
  A black bear (D:4)
  A phantom (D:4)
  A jelly (D:4)
  A gnoll bouda (D:4)
  An orc priest (D:3)
  An iguana (D:4)
  An orc wizard (D:3)
  10 gnolls (D:4)
  5 adders
  3 worms
  4 dart slugs
  3 orcs (D:3)
  8 endoplasms
  2 giant cockroaches
  6 goblins
  4 hobgoblins
  4 quokkas
  2 ball pythons
  3 bats
  4 frilled lizards
  5 kobolds
  4 rats
78 creatures vanquished.

Notes
Turn   | Place    | Note
-------+----------+-------------------------------------------
     0 | D:1      | Graphine the Merfolk Monk began the quest for the Orb.
     0 | D:1      | Reached XP level 1. HP: 18/18 MP: 1/1
   397 | D:1      | Reached XP level 2. HP: 24/24 MP: 2/2
   442 | D:1      | Found a faded altar of an unknown god.
   743 | D:2      | Reached XP level 3. HP: 26/30 MP: 3/3
   881 | D:2      | Identified the +4 chain mail "Weumidgh" {Contam rPois Int+7
                  | Dex+4}
  1263 | D:2      | Reached XP level 4. HP: 37/37 MP: 4/4
  1611 | D:3      | Learned a level 3 spell: Frozen Ramparts
  1739 | D:3      | Reached skill level 5 in Dodging
  1740 | D:3      | Reached XP level 5. HP: 21/42 MP: 5/5
  1933 | D:3      | Reached skill level 1 in Ice Magic
  2020 | D:3      | Reached skill level 1 in Armour
  2119 | D:4      | Noticed an ogre
  2132 | D:4      | Killed an ogre
  2133 | D:4      | Reached skill level 1 in Spellcasting
  2133 | D:4      | Reached XP level 6. HP: 45/49 MP: 7/7
  2149 | D:4      | Reached skill level 5 in Long Blades
  2248 | D:4      | Noticed Grinder
  2289 | D:4      | Paralysed by Grinder for 4 turns
  2296 | D:4      | Paralysed by Grinder for 3 turns
  2301 | D:4      | Paralysed by Grinder for 5 turns
  2311 | D:4      | Paralysed by Grinder for 4 turns
  2326 | D:4      | Killed Grinder
  2327 | D:4      | Reached XP level 7. HP: 24/55 MP: 8/10
  2439 | D:4      | Found a white marble altar of Elyvilon.
  2491 | D:4      | Reached skill level 5 in Fighting
  2524 | D:5      | Entered Level 5 of the Dungeon
  2908 | D:4      | Reached XP level 8. HP: 49/62 MP: 11/11
  2963 | D:4      | Noticed Eustachio
  2978 | D:4      | Killed Eustachio
  3063 | D:4      | Found a transporter.
  3064 | D:4      | Found a transporter.
  3073 | D:4      | Noticed klichko's ghost (amateur TeCj)
  3103 | D:4      | Slain by a gnoll

Illustrated notes

Levels and vault maps discovered:
D:1:      wander_arrival_peaceful_grave, layout_loops_ring,
          hellmonk_ecumenical_altar_zigzags
D:2:      minmay_door_path, layout_basic
D:3:      layout_rooms
D:4:      layout_basic, lemuel_tele_altar, gammafunk_ghost_gnarly_gnolls,
          uniq_grinder, uniq_eustachio
D:5:      layout_gridville, grunt_temple_overflow_open, uniq_ijyb, uniq_edmund

Skill      XL: |  1  2  3  4  5  6  7  8 |
---------------+-------------------------+-----
Long Blades    | 4 5 6 |  6.0
Fighting       | 4 5 |  5.4
Dodging        | 5 6 |  6.6
Ice Magic      | 1 2 3 |  3.4
Armour         | 1 2 |  2.5
Spellcasting   | 1 2 |  2.8

Action                     |  1- 3 |  4- 6 |  7- 9 || total
---------------------------+-------+-------+-------++-------
  Melee: Falchion          |    77 |   149 |   111 ||   337
  Throw: Dart              |    18 |     3 |     6 ||    27
  Evoke: Wand              |       |     9 |       ||     9
    Use: Scroll            |     4 |     5 |       ||     9
         Potion            |       |     4 |     1 ||     5
 Armour: Leather armour    |     6 |       |       ||     6
         Chain mail        |     8 |   121 |    69 ||   198
  Dodge: Dodged            |    43 |    96 |    86 ||   225
  Block: Buckler           |       |    24 |    29 ||    53
